TOP OF THE 1ST |
Vanderbilt Commodores batting - Pitching for Washington Huskies : LHP Luis Martínez
|
Pitching: LHP Luis Martínez
|
|
Batting: LHB Robbie Turner
|
0-0: Called Strike 0-1: Foul Ball, location: 2F 0-2: Ball 1-2: Strikes out swinging
|
Batting: RHB José Vargas
|
0-0: Ball 1-0: Ball 2-0: Fly out, F5 (Popup, 5L)
|
Batting: SHB Claudio Ramírez
|
0-0: Swinging Strike 0-1: Ball 1-1: Ball 2-1: Fly out, F4 (Popup, 4MD)
|
Top of the 1st over - 0 run(s), 0 hit(s), 0 error(s), 0 left on base; Vanderbilt 0 - Washington 0 |
BOTTOM OF THE 1ST |
Washington Huskies batting - Pitching for Vanderbilt Commodores : RHP Reggie McClure
|
Pitching: RHP Reggie McClure
|
|
Batting: RHB Howard Johnson
|
0-0: SINGLE (Groundball, 56D)
|
Batting: RHB Lou Taylor
|
0-0: Called Strike Howard Johnson steals 2nd base 0-1: Foul Ball, location: 2F 0-2: Ball 1-2: Strikes out looking
|
Batting: RHB Manuel Hernández
|
0-0: Ball 1-0: Swinging Strike 1-1: Ball 2-1: Ball 3-1: Base on Balls
|
Batting: LHB Eric Powell
|
0-0: Ball 1-0: Foul Ball, location: 2F 1-1: Called Strike 1-2: Foul Ball, location: 2F 1-2: Strikes out swinging
|
Batting: RHB Jacob Pope
|
0-0: Called Strike 0-1: Ball 1-1: Ball 2-1: Foul Ball, location: 2F 2-2: Strikes out looking
|
Bottom of the 1st over - 0 run(s), 1 hit(s), 0 error(s), 2 left on base; Vanderbilt 0 - Washington 0 |
TOP OF THE 2ND |
Vanderbilt Commodores batting - Pitching for Washington Huskies : LHP Luis Martínez
|
Batting: RHB Troy Reed
|
0-0: Ball 1-0: Ball 2-0: SINGLE (Groundball, 56D) (infield hit)
|
Batting: SHB David Jones
|
0-0: Ball 1-0: Grounds into double play, 5-4-3 (Groundball, 5)
|
Batting: SHB Marvin López
|
0-0: Ball 1-0: Foul Ball, location: 2F 1-1: Ball 2-1: Called Strike 2-2: Fly out, F4 (Popup, 34D)
|
Top of the 2nd over - 0 run(s), 1 hit(s), 0 error(s), 0 left on base; Vanderbilt 0 - Washington 0 |
BOTTOM OF THE 2ND |
Washington Huskies batting - Pitching for Vanderbilt Commodores : RHP Reggie McClure
|
Batting: LHB Tomás Téllez
|
0-0: Fly out, F3 (Line Drive, 3S)
|
Batting: SHB Al Crocker
|
0-0: Called Strike 0-1: Ball 1-1: Fly out, F5 (Popup, 56)
|
Batting: RHB Gunnar Bush
|
0-0: Ball 1-0: Ground out 1-3 (Groundball, 13)
|
Bottom of the 2nd over - 0 run(s), 0 hit(s), 0 error(s), 0 left on base; Vanderbilt 0 - Washington 0 |
TOP OF THE 3RD |
Vanderbilt Commodores batting - Pitching for Washington Huskies : LHP Luis Martínez
|
Batting: RHB Bob Carr
|
0-0: Ball 1-0: Ball 2-0: Ball 3-0: Base on Balls
|
Batting: RHB Andy Toledo
|
0-0: Called Strike 0-1: Swinging Strike 0-2: Foul Ball, location: 2F 0-2: Ball 1-2: Strikes out swinging
|
Batting: LHB Will Holt
|
0-0: Called Strike Bob Carr is caught stealing 2nd base 0-1: Ball 1-1: Ball 2-1: SOLO HOME RUN (Flyball, 89XD), Distance : 383 ft
|
Batting: LHB Robbie Turner
|
0-0: Ball 1-0: Ground out 6-3 (Groundball, 6M)
|
Top of the 3rd over - 1 run(s), 1 hit(s), 0 error(s), 0 left on base; Vanderbilt 1 - Washington 0 |
BOTTOM OF THE 3RD |
Washington Huskies batting - Pitching for Vanderbilt Commodores : RHP Reggie McClure
|
Batting: SHB Michael Aisher
|
0-0: Ball 1-0: Called Strike 1-1: Ball 2-1: Swinging Strike 2-2: SINGLE (Flyball, 6MD)
|
Batting: RHB Howard Johnson
|
0-0: Ball 1-0: Ball 2-0: Foul Ball, location: 2F 2-1: Fly out, F9 (Line Drive, 9LM)
|
Batting: RHB Lou Taylor
|
0-0: Called Strike 0-1: Called Strike 0-2: Ball 1-2: Strikes out swinging
|
Batting: RHB Manuel Hernández
|
0-0: Ball 1-0: Swinging Strike 1-1: Ball 2-1: Reached on error, E5 (Groundball, 56) Michael Aisher to second
|
Batting: LHB Eric Powell
|
0-0: Foul Ball, location: 2F 0-1: Ball 1-1: Swinging Strike 1-2: Strikes out swinging
|
Bottom of the 3rd over - 0 run(s), 1 hit(s), 1 error(s), 2 left on base; Vanderbilt 1 - Washington 0 |
TOP OF THE 4TH |
Vanderbilt Commodores batting - Pitching for Washington Huskies : LHP Luis Martínez
|
Batting: RHB José Vargas
|
0-0: Called Strike 0-1: Foul Ball, location: 2F 0-2: Ball 1-2: Foul Ball, location: 2F 1-2: SINGLE (Groundball, 34)
|
Batting: SHB Claudio Ramírez
|
0-0: Ball 1-0: Ball 2-0: Called Strike 2-1: Ball 3-1: Base on Balls José Vargas to second
|
Batting: RHB Troy Reed
|
0-0: Swinging Strike 0-1: Foul Ball, location: 2F 0-2: Ball 1-2: Foul Ball, location: 2F 1-2: Fly out, F8 (Flyball, 8LS)
|
Batting: SHB David Jones
|
0-0: Ball 1-0: Grounds into double play, 2-6-3 (Groundball, 2R)
|
Top of the 4th over - 0 run(s), 1 hit(s), 0 error(s), 1 left on base; Vanderbilt 1 - Washington 0 |
BOTTOM OF THE 4TH |
Washington Huskies batting - Pitching for Vanderbilt Commodores : RHP Reggie McClure
|
Batting: RHB Jacob Pope
|
0-0: Ball 1-0: Foul Ball, location: 2F 1-1: SOLO HOME RUN (Flyball, 7D), Distance : 343 ft
|
Batting: LHB Tomás Téllez
|
0-0: Ball 1-0: Swinging Strike 1-1: Ball 2-1: Ball 3-1: Fly out, F9 (Flyball, 9M)
|
Batting: SHB Al Crocker
|
0-0: Called Strike 0-1: SINGLE (Line Drive, 8LS)
|
Batting: RHB Gunnar Bush
|
0-0: Ball 1-0: Called Strike 1-1: Foul Ball, location: 2F 1-2: Ball 2-2: DOUBLE (Line Drive, 7LS) Al Crocker to third
|
Batting: SHB Michael Aisher
|
0-0: Ball 1-0: SINGLE (Line Drive, 56D) Al Crocker scores Gunnar Bush to third Runner from 3rd tries for Home, SAFE, throw made home Michael Aisher to second
|
Batting: RHB Howard Johnson
|
0-0: Called Strike Michael Aisher steals 3rd base 0-1: Ball 1-1: Ball 2-1: Foul Ball, location: 2F 2-2: Ground out 1-3 (Groundball, 23)
|
Batting: RHB Lou Taylor
|
0-0: Ball 1-0: Called Strike 1-1: Swinging Strike 1-2: SINGLE (Line Drive, 8LS) Michael Aisher scores
|
Batting: RHB Manuel Hernández
|
0-0: Called Strike 0-1: Foul Ball, location: 2F 0-2: Ball 1-2: Strikes out swinging
|
Bottom of the 4th over - 4 run(s), 5 hit(s), 0 error(s), 1 left on base; Vanderbilt 1 - Washington 4 |
TOP OF THE 5TH |
Vanderbilt Commodores batting - Pitching for Washington Huskies : LHP Luis Martínez
|
Batting: SHB Marvin López
|
0-0: Swinging Strike 0-1: Ball 1-1: Ball 2-1: Ball 3-1: Base on Balls
|
Batting: RHB Bob Carr
|
0-0: Ball 1-0: Foul Ball, location: 2F 1-1: Called Strike 1-2: 2-RUN HOME RUN (Flyball, 7D), Distance : 365 ft
|
Batting: RHB Andy Toledo
|
0-0: Fly out, F4 (Popup, 3L)
|
Batting: LHB Will Holt
|
0-0: Swinging Strike 0-1: Ball 1-1: Ball 2-1: Foul Ball, location: 2F 2-2: Strikes out looking
|
Batting: LHB Robbie Turner
|
0-0: Ground out 4-3 (Groundball, 4M)
|
Top of the 5th over - 2 run(s), 1 hit(s), 0 error(s), 0 left on base; Vanderbilt 3 - Washington 4 |
BOTTOM OF THE 5TH |
Washington Huskies batting - Pitching for Vanderbilt Commodores : RHP Reggie McClure
|
Batting: LHB Eric Powell
|
0-0: Ball 1-0: SINGLE (Line Drive, 9LS)
|
Batting: RHB Jacob Pope
|
0-0: Ball Eric Powell is caught stealing 2nd base 1-0: Reached on error, E4 (Groundball, 4M)
|
Pitching: RHP Marcos Miranda
|
|
Batting: LHB Tomás Téllez
|
0-0: Called Strike 0-1: Swinging Strike 0-2: Ball 1-2: Ball 2-2: Strikes out swinging
|
Batting: SHB Al Crocker
|
0-0: Called Strike 0-1: Ball 1-1: Swinging Strike 1-2: Foul Ball, location: 2F 1-2: Ball 2-2: Foul Ball, location: 2F 2-2: Ball 3-2: Fly out, F8 (Flyball, 8LM)
|
Bottom of the 5th over - 0 run(s), 1 hit(s), 1 error(s), 1 left on base; Vanderbilt 3 - Washington 4 |
TOP OF THE 6TH |
Vanderbilt Commodores batting - Pitching for Washington Huskies : LHP Luis Martínez
|
Batting: RHB José Vargas
|
0-0: Called Strike 0-1: Called Strike 0-2: SINGLE (Groundball, 6MD) (infield hit)
|
Batting: SHB Claudio Ramírez
|
0-0: Ball 1-0: Ball 2-0: Ball 3-0: Base on Balls José Vargas to second
|
Batting: RHB Troy Reed
|
0-0: Fly out, F7 (Flyball, 7LS)
|
Batting: SHB David Jones
|
0-0: Ground out 5-3 (Groundball, 5S) José Vargas to third Claudio Ramírez to second
|
Batting: SHB Marvin López
|
0-0: Ball 1-0: Ball 2-0: Ball 3-0: Called Strike 3-1: Base on Balls
|
Pitching: RHP Ambrose Palmer
|
|
Batting: RHB Bob Carr
|
0-0: Ground out 5-3 (Groundball, 5)
|
Top of the 6th over - 0 run(s), 1 hit(s), 0 error(s), 3 left on base; Vanderbilt 3 - Washington 4 |
BOTTOM OF THE 6TH |
Washington Huskies batting - Pitching for Vanderbilt Commodores : RHP Marcos Miranda
|
Batting: RHB Gunnar Bush
|
0-0: Fly out, F5 (Line Drive, 56)
|
Batting: SHB Michael Aisher
|
0-0: Ball 1-0: Ball 2-0: SINGLE (Groundball, 56D)
|
Batting: RHB Howard Johnson
|
0-0: Called Strike 0-1: Ball 1-1: Ball Michael Aisher steals 2nd base 2-1: Foul Ball, location: 2F 2-2: Foul Ball, location: 2F 2-2: Strikes out swinging
|
Batting: RHB Lou Taylor
|
0-0: Ball 1-0: Ball 2-0: Fly out, F6 (Popup, 6S)
|
Bottom of the 6th over - 0 run(s), 1 hit(s), 0 error(s), 1 left on base; Vanderbilt 3 - Washington 4 |
TOP OF THE 7TH |
Vanderbilt Commodores batting - Pitching for Washington Huskies : RHP Ambrose Palmer
|
Batting: RHB Andy Toledo
|
0-0: Called Strike 0-1: Called Strike 0-2: Strikes out swinging
|
Batting: LHB Will Holt
|
0-0: Called Strike 0-1: Called Strike 0-2: SINGLE (Groundball, 15) (infield hit)
|
Batting: LHB Robbie Turner
|
0-0: Ball 1-0: Grounds into double play, 6-4-3 (Groundball, 6)
|
Top of the 7th over - 0 run(s), 1 hit(s), 0 error(s), 0 left on base; Vanderbilt 3 - Washington 4 |
BOTTOM OF THE 7TH |
Washington Huskies batting - Pitching for Vanderbilt Commodores : RHP Marcos Miranda
|
Batting: RHB Manuel Hernández
|
0-0: Ball 1-0: Foul Ball, location: 2F 1-1: Ball 2-1: Ball 3-1: Base on Balls
|
Batting: LHB Eric Powell
|
0-0: Called Strike 0-1: Called Strike 0-2: Foul Ball, location: 2F 0-2: Ball 1-2: Ball 2-2: Strikes out swinging
|
Pitching: RHP Luis Chapa
|
|
Pinch Hitting: LHB Giraldo Jennings
|
0-0: Called Strike 0-1: SINGLE (Groundball, 34D) (infield hit) Manuel Hernández to second
|
Batting: LHB Tomás Téllez
|
0-0: Fly out, F2 (Popup, 2LF)
|
Batting: SHB Al Crocker
|
0-0: Foul Ball, location: 2F 0-1: SINGLE (Groundball, 4MD) Manuel Hernández to third Giraldo Jennings to second Runner from 3rd tries for Home, SAFE, no throw or cutoff
|
Pinch Hitting: RHB Roy Banks
|
0-0: Ball 1-0: Ball 2-0: Ball 3-0: Base on Balls Giraldo Jennings to third Al Crocker to second
|
Batting: SHB Michael Aisher
|
0-0: Foul Ball, location: 2F 0-1: SINGLE (Line Drive, 56) Giraldo Jennings scores Al Crocker to third Roy Banks to second Runner from 3rd tries for Home, SAFE, no throw or cutoff
|
Batting: RHB Howard Johnson
|
0-0: Called Strike 0-1: Ball 1-1: Ball 2-1: Called Strike 2-2: Fly out, F4 (Popup, 34)
|
Bottom of the 7th over - 3 run(s), 3 hit(s), 0 error(s), 2 left on base; Vanderbilt 3 - Washington 7 |
TOP OF THE 8TH |
Vanderbilt Commodores batting - Pitching for Washington Huskies : RHP Ambrose Palmer
|
Now at SS: Roy Banks
|
|
Now in RF: Giraldo Jennings
|
|
Batting: RHB José Vargas
|
0-0: Reached on error, E6 (Groundball, 6M)
|
Batting: SHB Claudio Ramírez
|
0-0: Fly out, F5 (Popup, 5SF)
|
Batting: RHB Troy Reed
|
0-0: Ball 1-0: Ball 2-0: Called Strike 2-1: Called Strike 2-2: Foul Ball, location: 2F 2-2: Strikes out looking
|
Batting: SHB David Jones
|
0-0: Ball 1-0: Ball 2-0: Ball 3-0: Called Strike 3-1: Ground out 5-3 (Groundball, 56)
|
Top of the 8th over - 0 run(s), 0 hit(s), 1 error(s), 1 left on base; Vanderbilt 3 - Washington 7 |
BOTTOM OF THE 8TH |
Washington Huskies batting - Pitching for Vanderbilt Commodores : RHP Luis Chapa
|
Batting: RHB Lou Taylor
|
0-0: Called Strike 0-1: SINGLE (Line Drive, 4D)
|
Batting: RHB Manuel Hernández
|
0-0: Ball 1-0: Called Strike 1-1: Foul Ball, location: 2F 1-2: Ball 2-2: Strikes out swinging
|
Batting: LHB Eric Powell
|
0-0: Called Strike 0-1: Foul Ball, location: 2F 0-2: Ball 1-2: SINGLE (Line Drive, 9LS) Lou Taylor to second
|
Batting: LHB Giraldo Jennings
|
0-0: Called Strike 0-1: Ball 1-1: DOUBLE (Flyball, 7LM) Lou Taylor scores Eric Powell to third
|
Batting: LHB Tomás Téllez
|
0-0: Ground out 4-3 (Groundball, 4) Eric Powell scores Giraldo Jennings to third
|
Pitching: LHP Al Fullerton
|
|
Batting: SHB Al Crocker
|
0-0: Called Strike 0-1: Ball 1-1: Foul Ball, location: 2F 1-2: Strikes out looking
|
Bottom of the 8th over - 2 run(s), 3 hit(s), 0 error(s), 1 left on base; Vanderbilt 3 - Washington 9 |
TOP OF THE 9TH |
Vanderbilt Commodores batting - Pitching for Washington Huskies : RHP Ambrose Palmer
|
Now in RF: Rafael Hernández
|
|
Batting: SHB Marvin López
|
0-0: Ball 1-0: Ball 2-0: SINGLE (Line Drive, 9S)
|
Batting: RHB Bob Carr
|
0-0: Reached on error, E5 (Groundball, 5S) Marvin López to second
|
Batting: RHB Andy Toledo
|
0-0: Called Strike 0-1: Swinging Strike 0-2: Ball 1-2: Ball 2-2: Fly out, F9 (Flyball, 9LSF)
|
Batting: LHB Will Holt
|
0-0: Foul Ball, location: 2F 0-1: Ball 1-1: SINGLE (Flyball, 89S) Marvin López to third Bob Carr to second Runner from 3rd tries for Home, throw and OUT! Bob Carr to third Will Holt to second
|
Batting: LHB Robbie Turner
|
0-0: Called Strike 0-1: Ground out 5-3 (Groundball, 5S)
|
Top of the 9th over - 0 run(s), 2 hit(s), 1 error(s), 2 left on base; Vanderbilt 3 - Washington 9 |
|